 Dungeon Crawl Stone Soup version 0.18.1-48-g4cf74bf (webtiles) character file.

55408 tyrion the Spry (level 14, -3/116 HPs)
             Began as a Merfolk Gladiator on Aug 12, 2016.
             Was a High Priest of Okawaru.
             Slain by a skeletal warrior
             ... wielding a +0 scimitar
             ... led by a skeletal warrior
              (22 damage)
             ... on level 15 of the Dungeon.
             The game lasted 00:47:46 (22434 turns).

tyrion the Spry (Merfolk Gladiator)                Turns: 22434, Time: 00:47:47

Health: -3/116     AC: 12    Str: 17    XL:     14   Next: 77%
Magic:  15/18      EV: 28    Int: 12    God:    Okawaru [*****.]
Gold:   552        SH: 13    Dex: 17    Spells: 4 memorised, 5 levels left

rFire  + . .     SeeInvis .     V - +3 trident (venom)
rCold  . . .     Gourm    .     Y - +0 robe of the World {+Inv Slay+2}
rNeg   . . .     Faith    .     p - +0 buckler
rPois  +         Spirit   .     c - +0 helmet
rElec  .         Dismiss  .     r - +1 cloak
rCorr  .         Reflect  +     j - +0 pair of gloves
SustAt .         Harm     .     K - +0 pair of boots
MR     +....                    u - +6 amulet of reflection
Stlth  ++++......               g - ring "Qiwousama" {AC+1 Str+2 Dex+2}
                                l - ring of poison resistance

@: about to teleport, heroism, finesse, somewhat resistant to hostile
enchantments, stealthy
A: change form in water, swift swim, camouflage 1, fire resistance 1, low mp 1,
mutation resistance 1
a: Heroism, Finesse, Renounce Religion, Evoke Invisibility


You were on level 15 of the Dungeon.
You worshipped Okawaru.
Okawaru was extremely pleased with you.
You were very hungry.

You visited 1 branch of the dungeon, and saw 15 of its levels.

You collected 1218 gold pieces.
You spent 666 gold pieces at shops.

Inventory:

Hand Weapons
 y - a +0 blowgun
 I - a +0 scimitar of flaming
 S - the +4 double sword "Yqasumy" {freeze, +Blink rPois}
   (You found it on level 13 of the Dungeon)

   It has been specially enchanted to freeze those struck by it, causing extra
   injury to most foes and up to half again as much damage against particularly
   susceptible opponents.
   It can also slow down cold-blooded creatures.
   It protects you from poison.
   It lets you blink.
 V - a +3 trident of venom (weapon)
Missiles
 d - 5 throwing nets (quivered)
 s - 2 curare-tipped needles
 A - 6 javelins of penetration
Armour
 c - a +0 helmet (worn)
 j - a +0 pair of gloves (worn)
 p - a +0 buckler (worn)
 r - a +1 cloak (worn)
 v - the +4 scale mail of Qolloc {rCorr Dex+4}
   (You found it on level 6 of the Dungeon)

   It affects your dexterity (+4).
   It protects you from acid and corrosion.
 K - a +0 pair of boots (worn)
 X - a +0 shield
 Y - the +0 robe of the World (worn) {+Inv Slay+2}
   (You found it on level 13 of the Dungeon)

   It affects your accuracy and damage with ranged weapons and melee attacks
   (+2).
   It lets you turn invisible.
Jewellery
 g - the ring "Qiwousama" (right hand) {AC+1 Str+2 Dex+2}
   (You bought it in a shop on level 6 of the Dungeon)

   [ring of protection]

   It affects your AC (+1).
   It affects your strength (+2).
   It affects your dexterity (+2).
 h - an uncursed ring of flight
 l - a ring of poison resistance (left hand)
 u - a +6 amulet of reflection (around neck)
 N - an uncursed ring of sustain attributes
Wands
 b - a wand of teleportation (6/9)
 e - a wand of digging (12/24)
 B - a wand of iceblast (10/15)
 D - a wand of lightning (14/15)
 H - a wand of teleportation (9/9)
 T - a wand of lightning (4/15)
Scrolls
 o - a scroll of magic mapping
 G - 2 scrolls of amnesia
 M - 2 scrolls of enchant armour
Potions
 m - a potion of ambrosia
 n - a potion of flight
 C - a potion of curing
 F - a potion of brilliance
 J - a potion of invisibility
 L - 2 potions of cure mutation
Books
 P - a book of Party Tricks

   Spells                             Type                      Level
   a - Summon Butterflies             Summoning                    1
   b - Apportation                    Translocation                1
   c - Tukima's Dance                 Hexes                        3
   d - Alistair's Intoxication        Transmutation/Poison         5
   e - Invisibility                   Hexes                        6
Comestibles
 f - 4 bread rations
 i - 2 royal jellies
 k - 7 meat rations
 q - 5 beef jerkies
 x - 17 fruits
 E - 8 slices of pizza


   Skills:
 + Level 12.4(17.4) Fighting
 - Level 14.0(19.1) Polearms
   Level 1.3(10.6) Staves
 - Level 2.0(7.0) Throwing
 * Level 9.9(14.9) Armour
 + Level 15.0(20.0) Dodging
 * Level 6.0(11.0) Shields
 + Level 2.1 Spellcasting
 * Level 4.2 Hexes
 - Level 2.3 Summonings
 + Level 2.6 Translocations
 - Level 8.1 Invocations


You had 5 spell levels left.
You knew the following spells:

 Your Spells              Type           Power        Failure   Level  Hunger
a - Apportation           Tloc           #.........   12%         1    ##.....
b - Summon Butterflies    Summ           #.......     12%         1    ##.....
c - Cause Fear            Hex            ##........   54%         4    #####..
d - Invisibility          Hex            ##......     100%        6    #######


Dungeon Overview and Level Annotations

Branches:
Dungeon (15/15)            Temple (0/1) D:7            Lair (0/8) D:8
    Orc (0/2) D:12         Vaults (0/5) D:13
 Depths: D:15

Altars:
Dithmenos
Fedhas
Nemelex Xobeh
Okawaru
Qazlal
Ru
Sif Muna
Trog
Vehumet
Zin

Shops:
D:6 =   D:7 [   D:8 *   D:10 ?   D:14 *

Portals:
Trove: D:11 (give +5 demon trident)


Innate Abilities, Weirdness & Mutations

You revert to your normal form in water.
You are very nimble and swift while swimming.
Your skin changes colour to match your surroundings (Stealth).
Your flesh is heat resistant.
Your magical capacity is low (-10% MP).
You are somewhat resistant to further mutation.


Message History

You hit the skeletal warrior but do no damage.
The skeletal warrior is moderately damaged.
The skeletal warrior hits you with a scimitar!!
* * * LOW HITPOINT WARNING * * *
You hit the skeletal warrior but do no damage.
The skeletal warrior is moderately damaged.
You hit the skeletal warrior but do no damage.
The skeletal warrior is moderately damaged.
You hit the skeletal warrior but do no damage.
The skeletal warrior is moderately damaged.
You puncture the skeletal warrior!
The skeletal warrior is moderately damaged.
The skeletal warrior hits you with a scimitar!
* * * LOW HITPOINT WARNING * * *
Read which item? (? for menu, Esc to quit)
As you read the scroll of teleportation, it crumbles to dust.
You feel strangely unstable.
The crimson imp shouts, "Capitulate, thou gorbellied earth-vexing pumpion!"
The skeletal warrior hits you with a scimitar!!
You die...

#.....P..P8Z.
#....)....Z.
#.[........
#.........
..(....Z.
........# #Z#
####... #z#
....... #@#
....... #z#
....... #z#
♣♣♣♣♣ .......
#z# ♣♣...♣♣
....<.. #5#
♣♣.....♣♣
.......#####.#
♣♣.......♣♣
......z†z....#
♣...._....♣
........5...##
♣♣.........♣♣
..........z.'#
♣...........♣


You could see 4 skeletal warriors, a crimson imp, a sphinx zombie and a stone
giant skeleton.

Vanquished Creatures
  A frost giant (D:13)
  The ghost of MemeProof the Fighter, a journeyman MiMo of Cheibriados (D:13)
  5 vault guards (D:13)
  Josephine (D:12)
  An ogre mage (D:13)
  A hydra (D:14)
  Erica (D:8)
  A centaur warrior (D:13)
  A tengu warrior (D:13)
  A deep troll earth mage (D:13)
  Nergalle (D:10)
  The ghost of badrng the Zephyrmancer, a novice HEAE of Okawaru (D:10)
  2 unseen horrors
  2 skeletal warriors (D:15)
  21 hill giants
  3 deep trolls (D:13)
  A wizard (D:13)
  Pikel (D:7)
  8 ugly things
  2 griffons
  3 deep elf magi
  4 slime creatures (D:13)
  7 cyclopes
  Maurice (D:9)
  Psyche (D:10)
  3 centaur skeletons
  An efreet (D:13)
  4 gargoyles
  3 kobold demonologists
  A tengu conjurer (D:13)
  8 trolls
  A raiju (shapeshifter) (D:12)
  A vampire (D:11)
  A shadow (D:15)
  2 wyverns
  A water elemental (D:13)
  7 yaks (D:9)
  2 humans
  3 wraiths
  4 hungry ghosts
  4 hippogriffs
  Menkaure (D:6)
  Edmund (D:5)
  3 wargs (D:13)
  A mottled dragon (D:13)
  A soldier ant (D:11)
  A water moccasin (D:6)
  Duvessa (D:6)
  8 orc warriors
  2 phantoms
  2 sky beasts
  5 ice beasts
  A wasp (D:10)
  A necrophage (D:12)
  3 wolves (D:13)
  2 black bears
  9 ogres
  2 crocodiles
  15 centaurs
  Blork the orc (D:14)
  11 giant frogs
  5 big kobolds
  2 gnoll sergeants (D:12)
  A wyvern skeleton (D:11)
  Dowan (D:6)
  A water moccasin zombie (D:9)
  4 scorpions
  12 wights
  11 killer bees
  10 howler monkeys
  8 crimson imps
  A giant frog zombie (D:12)
  6 centaur zombies
  7 hounds
  8 orc priests
  4 jellies
  A giant frog skeleton (D:4)
  2 iguanas
  16 orc wizards
  16 worker ants
  A killer bee zombie (D:9)
  9 sheep
  2 hound skeletons
  Robin (D:2)
  A worker ant zombie (D:5)
  8 gnolls
  A howler monkey skeleton (D:5)
  12 adders
  3 shadow imps
  An ooze (D:3)
  2 adder zombies
  An adder skeleton (D:8)
  3 worms
  A dart slug (D:2)
  6 giant geckos
  69 orcs
  11 giant cockroaches
  17 goblins
  2 hobgoblins
  3 jackals (D:1)
  5 quokkas
  4 ball pythons
  5 bats
  A giant gecko zombie (D:6)
  4 giant newts
  30 kobolds
  A quokka zombie (D:5)
  7 rats
  A butterfly (D:7)
  A fungus (D:9)
518 creatures vanquished.

Vanquished Creatures (others)
  3 slaves (D:8)
  An ice beast (D:8)
  A centaur (D:9)
  A giant frog (D:8)
  2 howler monkeys (D:8)
  A giant cockroach (D:8)
  A fungus (D:8)
10 creatures vanquished.

Grand Total: 528 creatures vanquished

Notes
Turn   | Place    | Note
--------------------------------------------------------------
     0 | D:1      | tyrion the Merfolk Gladiator began the quest for the Orb.
     0 | D:1      | Reached XP level 1. HP: 16/16 MP: 1/1
    79 | D:1      | Reached XP level 2. HP: 16/22 MP: 2/2
   359 | D:1      | Reached skill level 5 in Polearms
   461 | D:1      | Reached XP level 3. HP: 28/28 MP: 3/3
  1031 | D:2      | Noticed Robin
  1055 | D:2      | Killed Robin
  1061 | D:2      | Reached XP level 4. HP: 27/34 MP: 4/4
  1161 | D:2      | Found a shadowy altar of Dithmenos.
  1474 | D:2      | Found an iron altar of Okawaru.
  1847 | D:3      | Noticed a giant frog
  2168 | D:3      | Found a sacrificial altar of Ru.
  2238 | D:3      | Reached skill level 5 in Dodging
  2247 | D:3      | Killed a giant frog
  2247 | D:3      | Reached skill level 1 in Shields
  2247 | D:3      | Reached XP level 5. HP: 14/41 MP: 5/5
  2605 | D:3      | Reached XP level 6. HP: 41/47 MP: 6/6
  2801 | D:2      | Became a worshipper of Warmaster Okawaru
  3320 | D:4      | Noticed a phantom
  3343 | D:4      | Killed a phantom
  3343 | D:4      | Reached skill level 1 in Invocations
  3505 | D:4      | Reached XP level 7. HP: 37/52 MP: 8/8
  3972 | D:5      | Entered Level 5 of the Dungeon
  3982 | D:5      | Reached * piety under Okawaru
  3982 | D:5      | Reached skill level 6 in Dodging
  4257 | D:5      | Noticed Edmund
  4286 | D:5      | Killed Edmund
  4286 | D:5      | Reached XP level 8. HP: 25/60 MP: 8/10
  4704 | D:5      | Found a sacrificial altar of Ru.
  5170 | D:6      | Reached skill level 1 in Armour
  5176 | D:6      | Noticed Menkaure
  5188 | D:6      | Killed Menkaure
  5247 | D:6      | Reached ** piety under Okawaru
  5249 | D:6      | Reached skill level 7 in Dodging
  5333 | D:6      | HP: 3/61 [killer bee (8)]
  5830 | D:6      | Reached skill level 10 in Polearms
  5832 | D:6      | Got a slimy scale mail
  5843 | D:6      | Identified the +4 scale mail of Qolloc {rCorr Dex+4} (You found it on level 6 of the Dungeon)
  5861 | D:6      | Noticed Duvessa
  5880 | D:6      | Killed Duvessa
  5880 | D:6      | Reached XP level 9. HP: 63/66 MP: 10/12
  5883 | D:6      | Noticed Dowan
  5904 | D:6      | Killed Dowan
  5911 | D:6      | Reached skill level 5 in Invocations
  6090 | D:6      | Found Nouzanut's Jewellery Shop.
  6284 | D:6      | Reached skill level 5 in Fighting
  6411 | D:6      | Bought the ring "Qiwousama" {AC+1 Str+2 Dex+2} for 257 gold pieces
  6570 | D:7      | Found a staircase to the Ecumenical Temple.
  6885 | D:7      | Found Eder's Armour Shop.
  6921 | D:7      | Reached *** piety under Okawaru
  7801 | D:8      | Noticed Pikel
  7836 | D:7      | Killed Pikel
  7836 | D:7      | Reached skill level 8 in Dodging
  7836 | D:7      | Reached XP level 10. HP: 51/76 MP: 12/14
  7853 | D:8      | Found a staircase to the Lair.
  8124 | D:8      | Found Zin's Purification Station.
  8127 | D:8      | Found a glowing silver altar of Zin.
  8136 | D:8      | Noticed a hill giant
  8165 | D:8      | Killed a hill giant
  8203 | D:8      | Found a bloodstained altar of Trog.
  8205 | D:8      | Found a sparkling altar of Nemelex Xobeh.
  8444 | D:8      | Noticed Erica
  8455 | D:8      | Killed Erica
  8455 | D:8      | Reached **** piety under Okawaru
  8860 | D:9      | Reached skill level 9 in Dodging
  8897 | D:9      | Noticed Maurice
  8937 | D:9      | Reached skill level 5 in Armour
  8968 | D:9      | Killed Maurice
  8968 | D:9      | Reached XP level 11. HP: 63/83 MP: 16/16
  9346 | D:9      | Found a radiant altar of Vehumet.
  9446 | D:9      | Reached ***** piety under Okawaru
  9790 | D:9      | Found a blossoming altar of Fedhas.
  9793 | D:9      | Found a stormy altar of Qazlal.
 10388 | D:10     | Entered Level 10 of the Dungeon
 10388 | D:10     | Noticed Nergalle
 10388 | D:10     | Noticed a griffon
 10446 | D:10     | Found Bizu's Magic Scroll Emporium.
 10449 | D:10     | Bought a scroll of remove curse for 42 gold pieces
 10649 | D:10     | Killed a griffon
 10650 | D:10     | Noticed badrng's ghost (novice HEAE)
 10687 | D:10     | Killed badrng's ghost
 10983 | D:10     | Noticed Psyche
 10998 | D:10     | Killed Psyche
 11025 | D:10     | Killed Nergalle
 11025 | D:10     | Reached skill level 10 in Dodging
 11606 | D:11     | Found a shadowy altar of Dithmenos.
 11880 | D:11     | Noticed a cyclops
 11905 | D:11     | Killed a cyclops
 11980 | D:11     | Noticed a purple ugly thing
 12004 | D:11     | Killed a purple ugly thing
 12004 | D:11     | Reached XP level 12. HP: 72/93 MP: 16/18
 12149 | D:11     | Reached skill level 11 in Dodging
 12248 | D:11     | Found a portal to a secret trove of treasure.
 12608 | D:11     | Received a gift from Okawaru
 13366 | D:12     | Noticed Josephine
 13432 | D:12     | Killed Josephine
 13918 | D:12     | Reached skill level 12 in Dodging
 14249 | D:12     | Found a staircase to the Orcish Mines.
 14290 | D:12     | Received a gift from Okawaru
 14849 | D:13     | Reached skill level 10 in Fighting
 15119 | D:13     | Gained mutation: Your magical capacity is low (-10% MP). [potion of mutation]
 15119 | D:13     | Gained mutation: Your flesh is heat resistant. [potion of mutation]
 15119 | D:13     | Gained mutation: Your skin changes colour to match your surroundings (Stealth). [potion of mutation]
 15120 | D:13     | Gained mutation: You are somewhat resistant to further mutation. [potion of mutation]
 15264 | D:13     | Noticed MemeProof's ghost (journeyman MiMo)
 15329 | D:13     | Killed MemeProof's ghost
 15329 | D:13     | Reached skill level 13 in Dodging
 15329 | D:13     | Reached XP level 13. HP: 104/104 MP: 12/17
 16544 | D:13     | Reached skill level 14 in Dodging
 16793 | D:13     | Noticed a vault guard
 16838 | D:13     | Killed a vault guard
 16955 | D:13     | Noticed a vault guard
 16993 | D:13     | Killed a vault guard
 16993 | D:13     | Received a gift from Okawaru
 18431 | D:13     | Learned a level 1 spell: Apportation
 18433 | D:13     | Learned a level 1 spell: Summon Butterflies
 18438 | D:13     | Learned a level 4 spell: Cause Fear
 18445 | D:13     | Learned a level 6 spell: Invisibility
 18722 | D:13     | Noticed a vault guard
 18724 | D:13     | Noticed an ogre mage
 18729 | D:13     | Paralysed by an ogre mage for 5 turns
 18739 | D:13     | Paralysed by an ogre mage for 6 turns
 19259 | D:13     | Noticed a frost giant
 19287 | D:13     | Killed a frost giant
 19287 | D:13     | Reached skill level 1 in Hexes
 19287 | D:13     | Reached skill level 1 in Summonings
 19287 | D:13     | Reached skill level 1 in Translocations
 19287 | D:13     | Reached XP level 14. HP: 87/115 MP: 11/18
 19306 | D:13     | Got a bloodstained double sword
 19310 | D:13     | Got an iridescent mace
 19341 | D:13     | Got a faintly glowing robe
 19650 | D:13     | Reached skill level 1 in Staves
 19677 | D:13     | Reached skill level 1 in Spellcasting
 19709 | D:13     | Found a gate to the Vaults.
 19785 | D:13     | Identified the +4 mace of Tumult {freeze, MP+9} (You found it on level 13 of the Dungeon)
 19787 | D:13     | Identified the +4 double sword "Yqasumy" {freeze, +Blink rPois} (You found it on level 13 of the Dungeon)
 19818 | D:13     | Identified the cursed +0 robe of the World {+Inv Slay+2} (You found it on level 13 of the Dungeon)
 19937 | D:10     | Bought a scroll of remove curse for 42 gold pieces
 21124 | D:14     | Noticed Blork the orc
 21139 | D:14     | Killed Blork the orc
 21146 | D:14     | Found a deep blue altar of Sif Muna.
 21240 | D:14     | Reached skill level 5 in Shields
 21303 | D:14     | Found Kauluit's General Store.
 21316 | D:14     | Bought a +6 amulet of reflection for 325 gold pieces
 21468 | D:14     | Received a gift from Okawaru
 21765 | D:14     | Received a gift from Okawaru
 21821 | D:15     | Entered Level 15 of the Dungeon
 22303 | D:15     | Found a blossoming altar of Fedhas.
 22424 | D:15     | Reached skill level 15 in Dodging
 22434 | D:15     | Slain by a skeletal warrior

Skill      XL: |  1  2  3  4  5  6  7  8  9 10 11 12 13 14 |
---------------+-------------------------------------------+-----
Polearms       | 5 6 7 8 10 11 13 14 | 14.0
Dodging        | 5 6 7 8 9 10 13 14 15 | 15.0
Fighting       | 3 4 5 6 8 10 12 | 12.4
Shields        | 1 2 3 4 6 |  6.0
Invocations    | 1 2 4 6 7 8 |  8.1
Armour         | 1 3 5 6 8 9 |  9.9
Hexes          | 1 4 |  4.2
Summonings     | 1 2 |  2.3
Translocations | 1 2 |  2.6
Staves         | 1 |  1.3
Spellcasting   | 2 |  2.1
Throwing       | |  2.0

Action                   |  1- 3 |  4- 6 |  7- 9 | 10-12 | 13-15 || total
-------------------------+-------+-------+-------+-------+-------++-------
Melee: Trident           |   145 |   236 |   564 |   925 |  1009 ||  2879
       Punch             |       |       |     2 |       |       ||     2
       Halberd           |       |       |       |    98 |       ||    98
       Glaive            |       |       |       |   233 |       ||   233
       Tailslap          |       |       |       |       |    45 ||    45
       Scimitar          |       |       |       |       |     6 ||     6
 Fire: Blowgun           |       |       |       |       |     1 ||     1
Throw: Throwing net      |       |     1 |     4 |       |       ||     5
Invok: Heroism           |       |       |     5 |    25 |    11 ||    41
       Finesse           |       |       |       |     6 |     6 ||    12
  Use: Scroll            |       |     4 |     8 |    12 |    12 ||    36
       Potion            |       |       |     4 |     9 |     1 ||    14
 Stab: Sleeping          |     4 |     1 |     2 |     2 |     3 ||    12
       Held in net/web   |       |       |     1 |       |       ||     1
       Invisible         |       |       |       |     5 |       ||     5
       Distracted        |       |       |       |       |     5 ||     5
  Eat: Chunk             |       |     7 |    15 |    31 |    15 ||    68
       Beef jerky        |       |       |     1 |       |       ||     1
       Bread ration      |       |       |       |     1 |     2 ||     3
Armor: Leather armour    |    40 |    52 |    59 |   125 |    44 ||   320
       Skin              |       |       |       |     4 |       ||     4
       Robe              |       |       |       |       |    40 ||    40
Dodge: Dodged            |    85 |   135 |   294 |   620 |   360 ||  1494
Block: Buckler           |       |       |    45 |   139 |   153 ||   337
